 Dungeon Crawl Stone Soup version 0.25-a0-578-gc91f01c39c (webtiles) character file.

Game seed: 9729094341603432694, levelgen mode: deterministic

788 surprisetrex the Firebug (level 7, -1/60 HPs)
             Began as a Green Draconian Fire Elementalist on Mar 3, 2020.
             Was an Initiate of Vehumet.
             Slain by Eustachio
             ... wielding a +0 rapier of speed
              (4 damage)
             ... on level 4 of the Dungeon.
             The game lasted 00:22:47 (5353 turns).

surprisetrex the Firebug (DrFE)                     Turns: 5353, Time: 00:22:48

Health: -1/60      AC:  6    Str: 10      XL:     7   Next: 56%
Magic:  0/10       EV: 12    Int: 17      God:    Vehumet [......]
Gold:   104        SH:  0    Dex: 11 (12) Spells: 2/10 levels left

rFire    . . .     SeeInvis .   a - +0 short sword (freeze)
rCold    . . .     Gourm    .   (no shield)
rNeg     . . .     Faith    .   (armour unavailable)
rPois    +         Spirit   .   (helmet restricted)
rElec    .         Reflect  .   (no cloak)
rCorr    .         Harm     .   (no gloves)
MR       .....                  (no boots)
Stlth    ++........             (no amulet)
HPRegen  0.20/turn              (no ring)
MPRegen  0.12/turn              (no ring)

@: flying
A: breathe noxious fumes, unfitting armour, poison resistance, cold-blooded, AC
+6
a: Breathe Noxious Fumes, Renounce Religion


You were on level 4 of the Dungeon.
You worshipped Vehumet.
Vehumet was noncommittal.
You were very hungry.

You visited 2 branches of the dungeon, and saw 6 of its levels.

You collected 104 gold pieces.

Inventory:

Hand Weapons
 a - a +0 short sword of freezing (weapon)
 b - a +0 hunting sling
Missiles
 d - 97 stones
 l - 6 curare-tipped darts (quivered)
Armour
 q - a +1 pair of boots
Scrolls
 e - a scroll of noise {unknown}
 f - 5 scrolls of remove curse {unknown}
 h - a scroll of amnesia {unknown}
 i - 11 scrolls of identify {unknown}
 j - 3 scrolls of teleportation {unknown}
 k - 3 scrolls of enchant armour
 s - a scroll of blinking {unknown}
 w - a scroll of magic mapping {unknown}
Potions
 g - a potion of haste {unknown}
 m - 2 potions of might {unknown}
 n - a potion of brilliance {unknown}
 o - a potion of invisibility {unknown}
 p - a potion of berserk rage {unknown}
 r - a potion of magic {unknown}
 t - 2 potions of curing {unknown}
 u - a potion of mutation {unknown}
 v - 2 potions of flight
Comestibles
 c - 7 rations
 x - 6 chunks of flesh


   Skills:
 + Level 4.8 Fighting
 - Level 1.7 Dodging
 - Level 1.7 Stealth
 - Level 2.0 Spellcasting
 + Level 5.4 Conjurations
 + Level 5.4 Fire Magic


You had 2 spell levels left.
You knew the following spells:

 Your Spells              Type           Power        Failure   Level  Hunger
a - Foxfire               Conj/Fire      ###.         1%          1    #......
b - Conjure Flame         Conj/Fire      ###.....     6%          3    ###....
c - Sticky Flame          Conj/Fire      ###.....     21%         4    #####..

Your spell library contained the following spells:

 Spells                   Type           Power        Failure   Level  Hunger
 Inner Flame              Hex/Fire       ##......     19%         3    ###....
 Fireball                 Conj/Fire      ###.......   50%         5    ######.


Dungeon Overview and Level Annotations

Branches:
Dungeon (5/15)             Temple (1/1) D:4

Altars:
Cheibriados
Dithmenos
Fedhas
Hepliaklqana
Kikubaaqudgha
Nemelex Xobeh
Qazlal
Trog
Uskayaw
Vehumet
Wu Jian
Xom
Yredelemnul
The Shining One

Annotations:
D:2 1 runed translucent door, Crazy Yiuf
D:4 Eustachio
D:5 2 runed translucent doors


Innate Abilities, Weirdness & Mutations

You can breathe blasts of noxious fumes.
Your lurid green scales are hard. (AC +6)
You cannot fit into any form of body armour.
Your system is resistant to poisons. (rPois)
You are cold-blooded and may be slowed by cold attacks.


Message History

* * * LOW HITPOINT WARNING * * *
The white imp shouts, "Leave, thou clouted toad-spotted zombie-fodder!"
The white imp gestures at you. The puff of frost hits you.
* * * LOW HITPOINT WARNING * * *
The crimson imp blinks!
Eustachio hits you with a +0 rapier of speed.
* * * LOW HITPOINT WARNING * * *
You hit Eustachio. You freeze Eustachio.
Your tail-slap misses Eustachio.
Eustachio is almost dead.
Eustachio burns!
The white imp hits you but does no damage.
Eustachio hits you with a +0 rapier of speed!
* * * LOW HITPOINT WARNING * * *
The white imp closely misses you.
It was a potion of flight.
You feel very buoyant.
You fly up into the air.
Eustachio burns!
Eustachio stops burning.
Eustachio hits you with a +0 rapier of speed.
You die...

...##.....###..........#
...##......##.....<....#########
...##.......#####.##...........#
...##........####.##...........#
..####.......#.................#
.#8##8#......#.#..##...........#
###########..'.#.###...........#
###########..'.#5# #...........#
.#8##8#......###@# #.####.######
..####.......###@# #.# #.#
...##........##b5# #.# #.#
...##.......##.r## #.# #.#
...##......##[.5####.####.#
...##.....##............#.#
.........##.#...........#.#
........######.###......#.#
##############.# #........#


You could see Eustachio, 2 crimson imps, a white imp, a bat and a rat.

Vanquished Creatures
  A black bear (D:4)
  2 ogres
  A crimson imp (D:4)
  A quasit (D:4)
  A centaur zombie (D:5)
  An orc priest (D:4)
  An orc wizard (D:3)
  2 hounds (D:3)
  A jelly (D:5)
  A centaur skeleton (D:4)
  An iguana (D:4)
  3 worker ants
  Natasha (D:3)
  A gnoll (D:3)
  5 adders
  An ooze (D:2)
  2 adder skeletons (D:4)
  A worm (D:2)
  2 dart slugs (D:1)
  5 orcs
  3 bats
  4 giant cockroaches
  4 hobgoblins
  3 jackals (D:3)
  5 kobolds
  5 quokkas
  4 ball pythons
  5 frilled lizards
  6 goblins
  A jackal skeleton (D:4)
  7 rats
81 creatures vanquished.

Vanquished Creatures (others)
  A rat (D:3)
  166 foxfires
167 creatures vanquished.

Grand Total: 248 creatures vanquished

Notes
Turn   | Place    | Note
-------+----------+-------------------------------------------
     0 | D:1      | surprisetrex the Draconian Fire Elementalist began the
                  | quest for the Orb.
     0 | D:1      | Reached XP level 1. HP: 14/14 MP: 3/3
   174 | D:1      | Reached XP level 2. HP: 22/22 MP: 1/5
   348 | D:1      | Reached skill level 1 in Fighting
  1136 | D:2      | Found a sparkling altar of Nemelex Xobeh.
  1191 | D:2      | Found an ancient bone altar of Kikubaaqudgha.
  1267 | D:2      | Reached XP level 3. HP: 28/28 MP: 6/6
  1272 | D:2      | Learned a level 3 spell: Conjure Flame
  1465 | D:2      | Found a hide-covered altar of Uskayaw.
  1595 | D:2      | Found a runed translucent door.
  1596 | D:2      | Noticed Crazy Yiuf
  2270 | D:3      | Reached XP level 4. HP: 36/36 MP: 0/7
  2503 | D:3      | Reached XP level 5. HP: 26/42 MP: 1/8
  3018 | D:3      | Found a shadowy altar of Dithmenos.
  3124 | D:3      | Noticed Natasha
  3128 | D:3      | Killed Natasha
  3138 | D:3      | Learned a level 4 spell: Sticky Flame
  3334 | D:4      | Noticed an ogre
  3357 | D:3      | Killed an ogre
  3357 | D:3      | Reached XP level 6. HP: 30/51 MP: 0/9
  3556 | D:4      | HP: 3/76 [poisoned by a worker ant]
  3564 | D:4      | HP: 3/76 [poisoned by a worker ant]
  4337 | D:4      | Found a staircase to the Ecumenical Temple.
  4352 | Temple   | Entered the Ecumenical Temple
  4465 | Temple   | Became a worshipper of Vehumet
  4495 | D:4      | Reached skill level 5 in Fire Magic
  4495 | D:4      | Your scales start taking on a lurid green colour.
  4495 | D:4      | Reached XP level 7. HP: 59/59 MP: 4/10
  4495 | D:4      | Gained mutation: Your system is resistant to poisons.
                  | (rPois) [Green Draconian growth]
  4697 | D:4      | Reached skill level 5 in Conjurations
  5059 | D:5      | Entered Level 5 of the Dungeon
  5128 | D:5      | Found a runed translucent gate.
  5128 | D:5      | Found a runed translucent gate.
  5260 | D:5      | Noticed Eustachio
  5352 | D:4      | HP: 3/60 [Eustachio/+0 rapier of speed (8)]
  5353 | D:4      | Slain by Eustachio

Levels and vault maps discovered:
D:1:      heliophobic_arrival_glass_houses, layout_loops_ring
D:2:      layout_loops_ring, lemuel_coloured_pillars_altar,
          kiku_gazebo_pond_becter, marbit_many_paths, uniq_crazy_yiuf_cottage
D:3:      layout_basic, nicolae_dithmenos_shadow_blocks, chequers_garden,
          cheibrodos_gnoll_hut, uniq_natasha
D:4:      layout_rooms, minmay_temple_entry_statues, kennysheep_cross_room
D:5:      layout_loops_ring, elyvilon_altar_3, first_ration,
          gammafunk_ghost_cemetery, uniq_eustachio
Temple:   compressed_dpeg_circular_temple

Skill      XL: |  1  2  3  4  5  6  7 |
---------------+----------------------+-----
Fighting       | 1 2 3 4 |  4.8
Conjurations   | 2 3 4 5 |  5.4
Fire Magic     | 4 5 |  5.4
Dodging        | |  1.7
Stealth        | |  1.7
Spellcasting   | |  2.0

Action                   |  1- 3 |  4- 6 |  7- 9 || total
-------------------------+-------+-------+-------++-------
Melee: Spear             |    12 |       |       ||    12
       Short sword       |    54 |    74 |   124 ||   252
       Tailslap          |     3 |     6 |     7 ||    16
 Fire: Hunting sling     |       |    14 |    58 ||    72
Throw: Boomerang         |    19 |     7 |       ||    26
       Stone             |       |     8 |       ||     8
       Dart              |       |     1 |       ||     1
 Cast: Foxfire           |    19 |    75 |     4 ||    98
       Conjure Flame     |       |     1 |     4 ||     5
       Sticky Flame      |       |       |     4 ||     4
  Use: Potion            |       |     1 |     1 ||     2
       Scroll            |       |       |     1 ||     1
 Stab: Sleeping          |     2 |       |     1 ||     3
  Eat: Chunk             |     4 |     9 |       ||    13
       Ration            |       |       |     1 ||     1
Armor: Skin              |    16 |    63 |    44 ||   123
Dodge: Dodged            |    31 |    87 |    79 ||   197

Table legend:
 A = Non-vault XP
 B = Vault XP
 C = Vault XP percentage of total XP
 D = Non-vault monster count
 E = Vault monster count
 F = Vault count percentage of total count
                 A         B        C        D         E       F
            +---------+---------+-------+---------+---------+-------
      Total |     990 |     136 |  12.1 |      76 |       5 |   6.2
            +---------+---------+-------+---------+---------+-------
        D:1 |      32 |       0 |   0.0 |      19 |       0 |   0.0
        D:2 |      18 |       2 |  10.0 |       6 |       1 |  14.3
        D:3 |     226 |     134 |  37.2 |      25 |       4 |  13.8
        D:4 |     579 |       0 |   0.0 |      19 |       0 |   0.0
        D:5 |     135 |       0 |   0.0 |       7 |       0 |   0.0
            +---------+---------+-------+---------+---------+-------
